AoeStats
← Flrancis

Fortress

509939880Analyzed
2v2 RM · 3d ago on Sep 28, 2026· 65m 8s· 4 players
Game mode
Random Map
Map size
Normal (6 player)
Population
200
Speed
Normal
Resources
Standard
Victory
Conquest
Starting age
Dark Age
Ending age
Imperial Age
RankedLock teamsTeams togetherTeam positionsShared explorationLock speedFull tech treeHidden civsTurbo modeCheats
Victory
Defeat
🇸🇪 Vikings · Sweden
956
+15
🇸🇪 Malians · Sweden
893
+17
🇫🇷 Japanese · France
929
-16
🇷🇴 Britons · Romania
914
-16
✪Aku
0:31 Loom
7:44 Feudal Age
9:07 Wheelbarrow
8:27 Double-Bit Axe
9:04 Horse Collar
16:07 Fletching
18:21 Castle Age
16:56 Gold Mining
17:24 Man-at-Arms
20:11 Gold Shaft Mining
19:44 Padded Archer Armor
19:14 Crossbowman
21:52 Elite Skirmisher
23:01 Bow Saw
23:14 Town Watch
28:51 Imperial Age
29:12 Long Swordsman
29:54 Squires
29:55 Bodkin Arrow
34:47 Hand Cart
33:59 Elite Longbowman
35:01 Heated Shot
35:21 Husbandry
35:47 Cavalier
36:56 Bracer
37:29 Ballistics
36:50 Two-Handed Swordsman
42:41 Murder Holes
43:11 Yeomen
44:24 Two-Man Saw
45:16 Gambesons
46:14 Masonry
48:02 Pikeman
48:50 Halberdier
49:36 Halberdier
55:54 Champion
65:17 Scale Mail Armor
65:27 Forging
Flrancis
7:19 Feudal Age
5:39 Loom
11:08 Castle Age
11:12 Double-Bit Axe
12:13 Forging
12:27 Scale Mail Armor
18:56 Fletching
23:11 Iron Casting
22:52 Chain Mail Armor
23:24 Gold Mining
23:45 Bodkin Arrow
27:32 Padded Archer Armor
30:59 Herbal Medicine
31:03 Murder Holes
31:29 Ballistics
32:18 Thumb Ring
33:01 Bloodlines
32:52 Husbandry
34:06 Wheelbarrow
33:19 Town Watch
39:31 Imperial Age
38:58 Leather Archer Armor
38:51 Scale Barding Armor
41:02 Parthian Tactics
40:01 Heavy Cavalry Archer
41:35 Masonry
42:57 Gold Shaft Mining
43:49 Kataparuto
44:00 Bow Saw
44:32 Elite Samurai
45:55 Hoardings
45:58 Caravan
49:34 Bracer
50:15 Plate Mail Armor
50:46 Blast Furnace
50:08 Chain Barding Armor
robertfantomen
9:12 Feudal Age
11:53 Double-Bit Axe
14:30 Castle Age
12:39 Horse Collar
13:27 Gold Mining
16:25 Bow Saw
19:12 Imperial Age
17:57 Forging
25:26 Scale Mail Armor
26:10 Fletching
26:20 Padded Archer Armor
29:01 Crossbowman
30:54 Conscription
30:05 Arbalester
31:26 Bodkin Arrow
31:57 Leather Archer Armor
32:27 Bracer
35:03 Chemistry
35:38 Gold Shaft Mining
36:47 Two-Man Saw
37:18 Ring Archer Armor
38:25 Loom
39:32 Bogsveigar
39:42 Elite Skirmisher
41:16 Ballistics
42:14 Iron Casting
45:24 Caravan
46:50 Chieftains
46:16 Capped Ram
48:02 Chain Mail Armor
47:36 Town Watch
48:10 Siege Ram
56:33 Plate Mail Armor
56:13 Siege Engineers
56:20 Masonry
56:24 Fortified Wall
58:43 Architecture
57:56 Treadmill Crane
58:15 Elite Berserk
65:30 Heavy Plow
flipster
10:08 Feudal Age
11:44 Horse Collar
11:51 Double-Bit Axe
14:28 Castle Age
12:20 Gold Mining
12:29 Loom
12:37 Stone Mining
15:50 Heavy Plow
15:33 Man-at-Arms
18:24 Wheelbarrow
17:23 Long Swordsman
18:03 Squires
21:20 Hand Cart
22:11 Scale Mail Armor
23:00 Forging
22:40 Arson
24:40 Town Watch
27:07 Iron Casting
26:47 Chain Mail Armor
29:10 Chain Mail Armor
29:50 Elite Skirmisher
30:54 Tigui
35:03 Imperial Age
32:53 Fletching
33:03 Padded Archer Armor
33:48 Bodkin Arrow
35:39 Ballistics
36:09 Conscription
35:53 Elite Gbeto
37:38 Leather Archer Armor
36:52 Two-Handed Swordsman
36:53 Pikeman
38:47 Plate Mail Armor
38:27 Cavalier
39:07 Husbandry
40:33 Farimba
40:47 Bloodlines
44:04 Fervor
44:43 Ring Archer Armor
44:19 Scale Barding Armor
45:15 Caravan
45:25 Guilds
46:51 Chain Barding Armor
47:34 Chemistry
47:20 Devotion
47:37 Block Printing
48:00 Theocracy
47:12 Champion
49:57 Crop Rotation
49:38 Bow Saw
50:04 Gold Shaft Mining
50:04 Stone Shaft Mining
53:14 Capped Ram
53:15 Onager
55:00 Plate Barding Armor
60:11 Town Patrol
64:22 Sanctity
64:23 Faith
64:05 Atonement
Connection lost

Rejoining the realm…

Still unreachable

The connection could not be restored.

Session expired

The server has moved on; the page needs a fresh start.